TOP OF THE 1ST |
San Diego Smashers batting - Pitching for Balzac Rams : RHP David Elías
|
Pitching: RHP David Elías
|
|
Batting: RHB António López
|
0-0: Ball 1-0: Called Strike 1-1: Ball 2-1: Foul Ball, location: 2F 2-2: SINGLE (Groundball, 4M)
|
Batting: SHB Adrián Nieto
|
0-0: Ball António López steals 2nd base 1-0: Foul Ball, location: 2F 1-1: Called Strike 1-2: Ball 2-2: Fly out, F7 (Flyball, 78S)
|
Batting: RHB Alfredo López
|
0-0: DOUBLE (Line Drive, 7LS) António López scores
|
Batting: RHB Phil White
|
0-0: Called Strike 0-1: Ball 1-1: Foul Ball, location: 2F 1-2: Strikes out swinging
|
Batting: RHB Marty Hendrickson
|
0-0: Ball 1-0: Foul Ball, location: 2F 1-1: Swinging Strike 1-2: Strikes out swinging
|
Top of the 1st over - 1 run(s), 2 hit(s), 0 error(s), 1 left on base; San Diego 1 - Balzac 0 |
BOTTOM OF THE 1ST |
Balzac Rams batting - Pitching for San Diego Smashers : RHP Carlos Trujillo
|
Pitching: RHP Carlos Trujillo
|
|
Batting: RHB Ron Glass
|
0-0: Ball 1-0: Foul Ball, location: 2F 1-1: Called Strike 1-2: Ball 2-2: SINGLE (Groundball, 6)
|
Batting: LHB John Horton
|
0-0: Ball 1-0: Foul Ball, location: 2F 1-1: Ball 2-1: DOUBLE (Line Drive, 8RM) Ron Glass to third
|
Batting: LHB José Román
|
0-0: Called Strike 0-1: Ground out 3-1 (Groundball, 34) Ron Glass scores John Horton to third
|
Batting: RHB Paul Spencer
|
0-0: Ball 1-0: Called Strike 1-1: Called Strike 1-2: Ball 2-2: Ball 3-2: Foul Ball, location: 2F 3-2: Base on Balls
|
Batting: LHB Daniel Carter
|
0-0: Ball 1-0: Ball 2-0: Fly out, F7 (Popup, 56D)
|
Batting: RHB Shaun Puckett
|
0-0: Ball 1-0: Ground out 4-3 (Groundball, 4)
|
Bottom of the 1st over - 1 run(s), 2 hit(s), 0 error(s), 2 left on base; San Diego 1 - Balzac 1 |
TOP OF THE 2ND |
San Diego Smashers batting - Pitching for Balzac Rams : RHP David Elías
|
Batting: RHB Fred Ameris
|
0-0: Ball 1-0: Foul Ball, location: 2F 1-1: Ball 2-1: Ball 3-1: Called Strike 3-2: Ground out 4-3 (Groundball, 4M)
|
Batting: LHB Karl Hill
|
0-0: Called Strike 0-1: Ground out 4-3 (Groundball, 34)
|
Batting: RHB John Bryant
|
0-0: Called Strike 0-1: Ground out 1-3 (Groundball, 25)
|
Top of the 2nd over - 0 run(s), 0 hit(s), 0 error(s), 0 left on base; San Diego 1 - Balzac 1 |
BOTTOM OF THE 2ND |
Balzac Rams batting - Pitching for San Diego Smashers : RHP Carlos Trujillo
|
Batting: RHB Jeff Stevenson
|
0-0: Swinging Strike 0-1: Called Strike 0-2: Foul Ball, location: 2F 0-2: Ball 1-2: Strikes out swinging
|
Batting: LHB Howard Evans
|
0-0: SINGLE (Line Drive, 89M)
|
Batting: RHB Ricardo Muñóz
|
0-0: Ball 1-0: Ball 2-0: Foul Ball, location: 2F 2-1: Ball 3-1: Base on Balls Howard Evans to second
|
Batting: RHB Ron Glass
|
0-0: Fly out, F4 (Popup, 9S)
|
Batting: LHB John Horton
|
0-0: Ball 1-0: Ball 2-0: Ball 3-0: Called Strike 3-1: Foul Ball, location: 2F 3-2: Base on Balls Howard Evans to third Ricardo Muñóz to second
|
Batting: LHB José Román
|
0-0: Ball 1-0: Called Strike 1-1: Foul Ball, location: 2F 1-2: Foul Ball, location: 2F 1-2: Ground out 4-3 (Groundball, 34)
|
Bottom of the 2nd over - 0 run(s), 1 hit(s), 0 error(s), 3 left on base; San Diego 1 - Balzac 1 |
TOP OF THE 3RD |
San Diego Smashers batting - Pitching for Balzac Rams : RHP David Elías
|
Batting: LHB Francisco Medina
|
0-0: Called Strike 0-1: Ball 1-1: Called Strike 1-2: Ball 2-2: SINGLE (Flyball, 7S)
|
Batting: RHB António López
|
0-0: Called Strike 0-1: Ball 1-1: Ball 2-1: Called Strike 2-2: Fly out, F9 (Flyball, 9M)
|
Batting: SHB Adrián Nieto
|
0-0: Called Strike 0-1: Ball 1-1: SINGLE (Groundball, 5D) Francisco Medina to second
|
Batting: RHB Alfredo López
|
0-0: Ball 1-0: Ball 2-0: Ball 3-0: Called Strike 3-1: Base on Balls Francisco Medina to third Adrián Nieto to second
|
Batting: RHB Phil White
|
0-0: Ball 1-0: Fly out, F9 (Popup, 9S)
|
Batting: RHB Marty Hendrickson
|
0-0: Fly out, F4 (Popup, 4M)
|
Top of the 3rd over - 0 run(s), 2 hit(s), 0 error(s), 3 left on base; San Diego 1 - Balzac 1 |
BOTTOM OF THE 3RD |
Balzac Rams batting - Pitching for San Diego Smashers : RHP Carlos Trujillo
|
Batting: RHB Paul Spencer
|
0-0: Swinging Strike 0-1: Ball 1-1: Called Strike 1-2: Ball 2-2: Ball 3-2: Strikes out looking
|
Batting: LHB Daniel Carter
|
0-0: Called Strike 0-1: Swinging Strike 0-2: Ball 1-2: SINGLE (Line Drive, 56)
|
Batting: RHB Shaun Puckett
|
0-0: Ball Daniel Carter is caught stealing 2nd base 1-0: Ground out 6-3 (Groundball, 6)
|
Bottom of the 3rd over - 0 run(s), 1 hit(s), 0 error(s), 0 left on base; San Diego 1 - Balzac 1 |
TOP OF THE 4TH |
San Diego Smashers batting - Pitching for Balzac Rams : RHP David Elías
|
Batting: RHB Fred Ameris
|
0-0: Swinging Strike 0-1: Ball 1-1: Called Strike 1-2: Ball 2-2: Ball 3-2: Strikes out swinging
|
Batting: LHB Karl Hill
|
0-0: Ball 1-0: Called Strike 1-1: Called Strike 1-2: Ball 2-2: Ball 3-2: Base on Balls
|
Batting: RHB John Bryant
|
0-0: Called Strike 0-1: Called Strike 0-2: Ball 1-2: Strikes out swinging
|
Batting: LHB Francisco Medina
|
0-0: Ball 1-0: Foul Ball, location: 2F 1-1: Ball 2-1: Ball Karl Hill steals 2nd base 3-1: SINGLE (Groundball, 34D) Karl Hill to third Runner from 3rd tries for Home, SAFE, no throw or cutoff
|
Batting: RHB António López
|
0-0: Ball 1-0: Ball 2-0: Called Strike 2-1: SINGLE (Line Drive, 89S) Francisco Medina to second
|
Batting: SHB Adrián Nieto
|
0-0: Foul Ball, location: 2F 0-1: Ground out 4-3 (Groundball, 4)
|
Top of the 4th over - 1 run(s), 2 hit(s), 0 error(s), 2 left on base; San Diego 2 - Balzac 1 |
BOTTOM OF THE 4TH |
Balzac Rams batting - Pitching for San Diego Smashers : RHP Carlos Trujillo
|
Batting: RHB Jeff Stevenson
|
0-0: Fly out, F9 (Flyball, 9M)
|
Batting: LHB Howard Evans
|
0-0: Ball 1-0: Ball 2-0: Called Strike 2-1: Called Strike 2-2: Foul Ball, location: 2F 2-2: Ball 3-2: Foul Ball, location: 2F 3-2: Base on Balls
|
Batting: RHB Ricardo Muñóz
|
0-0: Ball 1-0: Foul Ball, location: 2F 1-1: Ball 2-1: Called Strike 2-2: Foul Ball, location: 2F 2-2: Grounds into double play, 5-4-3 (Groundball, 5L)
|
Bottom of the 4th over - 0 run(s), 0 hit(s), 0 error(s), 0 left on base; San Diego 2 - Balzac 1 |
TOP OF THE 5TH |
San Diego Smashers batting - Pitching for Balzac Rams : RHP David Elías
|
Batting: RHB Alfredo López
|
0-0: Ball 1-0: Ball 2-0: Called Strike 2-1: Ball 3-1: Base on Balls
|
Batting: RHB Phil White
|
0-0: Foul Ball, location: 2F 0-1: Ball 1-1: Foul Ball, location: 2F 1-2: Foul Ball, location: 2F 1-2: Ball 2-2: Foul Ball, location: 2F 2-2: Ball 3-2: Base on Balls Alfredo López to second
|
Batting: RHB Marty Hendrickson
|
0-0: Fly out, F9 (Line Drive, 89S)
|
Batting: RHB Fred Ameris
|
0-0: Ball 1-0: Called Strike 1-1: Ball 2-1: Grounds into double play, 6-4-3 (Groundball, 6)
|
Top of the 5th over - 0 run(s), 0 hit(s), 0 error(s), 1 left on base; San Diego 2 - Balzac 1 |
BOTTOM OF THE 5TH |
Balzac Rams batting - Pitching for San Diego Smashers : RHP Carlos Trujillo
|
Batting: RHB Ron Glass
|
0-0: Ground out 5-3 (Groundball, 5S)
|
Batting: LHB John Horton
|
0-0: Called Strike 0-1: Foul Ball, location: 2F 0-2: Foul Ball, location: 2F 0-2: Strikes out swinging
|
Batting: LHB José Román
|
0-0: Ball 1-0: Ball 2-0: Ball 3-0: Called Strike 3-1: Base on Balls
|
Batting: RHB Paul Spencer
|
0-0: Called Strike 0-1: Ball 1-1: Ball 2-1: Foul Ball, location: 2F 2-2: Foul Ball, location: 2F 2-2: Ball 3-2: Base on Balls José Román to second
|
Pitching: RHP Duane Carlson
|
|
Batting: LHB Daniel Carter
|
0-0: Called Strike 0-1: Ball 1-1: Ball 2-1: Ball 3-1: Called Strike 3-2: Foul Ball, location: 2F 3-2: Fly out, F6 (Popup, 6M)
|
Bottom of the 5th over - 0 run(s), 0 hit(s), 0 error(s), 2 left on base; San Diego 2 - Balzac 1 |
TOP OF THE 6TH |
San Diego Smashers batting - Pitching for Balzac Rams : RHP David Elías
|
Pitching: LHP Júlio Castillo
|
|
Batting: LHB Karl Hill
|
0-0: Called Strike 0-1: Foul Ball, location: 2F 0-2: Strikes out swinging
|
Batting: RHB John Bryant
|
0-0: Called Strike 0-1: Ground out 5-3 (Groundball, 56S)
|
Pitching: LHP Pedro Guerra
|
|
Batting: LHB Francisco Medina
|
0-0: Ground out 1-3 (Groundball, 13S)
|
Top of the 6th over - 0 run(s), 0 hit(s), 0 error(s), 0 left on base; San Diego 2 - Balzac 1 |
BOTTOM OF THE 6TH |
Balzac Rams batting - Pitching for San Diego Smashers : RHP Duane Carlson
|
Batting: RHB Shaun Puckett
|
0-0: Called Strike 0-1: Swinging Strike 0-2: Strikes out looking
|
Batting: RHB Jeff Stevenson
|
0-0: SINGLE (Groundball, 56D)
|
Batting: LHB Howard Evans
|
0-0: Ball 1-0: Foul Ball, location: 2F 1-1: Foul Ball, location: 2F 1-2: Foul Ball, location: 2F 1-2: Strikes out swinging
|
Batting: RHB Ricardo Muñóz
|
0-0: Ball 1-0: Ball 2-0: Ball 3-0: Called Strike 3-1: Fly out, F9 (Popup, 89S)
|
Bottom of the 6th over - 0 run(s), 1 hit(s), 0 error(s), 1 left on base; San Diego 2 - Balzac 1 |
TOP OF THE 7TH |
San Diego Smashers batting - Pitching for Balzac Rams : LHP Pedro Guerra
|
Batting: RHB António López
|
0-0: Fly out, F6 (Popup, 4M)
|
Batting: SHB Adrián Nieto
|
0-0: Ball 1-0: Ball 2-0: Foul Ball, location: 2F 2-1: Called Strike 2-2: Foul Ball, location: 2F 2-2: Ball 3-2: Fly out, F8 (Popup, 4MD)
|
Batting: RHB Alfredo López
|
0-0: Ball 1-0: Ball 2-0: Ball 3-0: Called Strike 3-1: Ground out 5-3 (Groundball, 5)
|
Top of the 7th over - 0 run(s), 0 hit(s), 0 error(s), 0 left on base; San Diego 2 - Balzac 1 |
BOTTOM OF THE 7TH |
Balzac Rams batting - Pitching for San Diego Smashers : RHP Duane Carlson
|
Batting: RHB Ron Glass
|
0-0: Ball 1-0: Reached on error, E5 (Groundball, 56)
|
Batting: LHB John Horton
|
0-0: Foul Ball, location: 2F 0-1: Called Strike 0-2: Grounds into double play, 4-6-3 (Groundball, 4)
|
Batting: LHB José Román
|
0-0: Called Strike 0-1: Ball 1-1: Swinging Strike 1-2: Foul Ball, location: 2F 1-2: Ball 2-2: SINGLE (Groundball, 34)
|
Pitching: LHP Don Sutherland
|
|
Batting: RHB Paul Spencer
|
0-0: Ball 1-0: Ball 2-0: Swinging Strike 2-1: Ball 3-1: Base on Balls José Román to second
|
Pinch Runner at 2nd Reynaldo Gallegos:
|
|
Pinch Hitting: RHB Enrico Ramos
|
0-0: Ball 1-0: Ball 2-0: Called Strike 2-1: Foul Ball, location: 2F 2-2: Foul Ball, location: 2F 2-2: Ball 3-2: Foul Ball, location: 2F 3-2: Foul Ball, location: 2F 3-2: Base on Balls Reynaldo Gallegos to third Paul Spencer to second
|
Batting: RHB Shaun Puckett
|
0-0: Called Strike 0-1: Called Strike 0-2: Fly out, F9 (Flyball, 89M)
|
Bottom of the 7th over - 0 run(s), 1 hit(s), 1 error(s), 3 left on base; San Diego 2 - Balzac 1 |
TOP OF THE 8TH |
San Diego Smashers batting - Pitching for Balzac Rams : LHP Pedro Guerra
|
Now in CF: Reynaldo Gallegos
|
|
Now in RF: Octávio Aldeguer
|
|
Batting: RHB Phil White
|
0-0: Ball 1-0: SINGLE (Flyball, 78S)
|
Batting: RHB Marty Hendrickson
|
0-0: Ball 1-0: Fly out, F4 (Popup, 4D)
|
Batting: RHB Fred Ameris
|
0-0: Called Strike 0-1: Called Strike Phil White steals 2nd base 0-2: Ball 1-2: Ball 2-2: Fly out, F9 (Flyball, 9M)
|
Pinch Hitting: RHB Gilberto Guzmán
|
0-0: Ball 1-0: Ball 2-0: Called Strike 2-1: Foul Ball, location: 2F 2-2: Ball 3-2: Base on Balls
|
Batting: RHB John Bryant
|
0-0: Swinging Strike 0-1: Foul Ball, location: 2F 0-2: Fly out, F9 (Line Drive, 9M)
|
Top of the 8th over - 0 run(s), 1 hit(s), 0 error(s), 2 left on base; San Diego 2 - Balzac 1 |
BOTTOM OF THE 8TH |
Balzac Rams batting - Pitching for San Diego Smashers : LHP Don Sutherland
|
Pitching: LHP Raymond Ritchie
|
|
Now in RF: Jaime Icaza
|
|
Batting: RHB Jeff Stevenson
|
0-0: Foul Ball, location: 2F 0-1: Ground out 6-3 (Groundball, 6)
|
Batting: LHB Howard Evans
|
0-0: Swinging Strike 0-1: Ball 1-1: Foul Ball, location: 2F 1-2: Fly out, F9 (Flyball, 9M)
|
Pitching: RHP Cedric Sherston
|
|
Batting: RHB Ricardo Muñóz
|
0-0: Foul Ball, location: 2F 0-1: Called Strike 0-2: Foul Ball, location: 2F 0-2: Foul Ball, location: 2F 0-2: Ball 1-2: Foul Ball, location: 2F 1-2: Ball 2-2: Fly out, F9 (Line Drive, 9M)
|
Bottom of the 8th over - 0 run(s), 0 hit(s), 0 error(s), 0 left on base; San Diego 2 - Balzac 1 |
TOP OF THE 9TH |
San Diego Smashers batting - Pitching for Balzac Rams : LHP Pedro Guerra
|
Pitching: RHP John Dickson
|
|
Batting: LHB Francisco Medina
|
0-0: Ball 1-0: Fly out, F7 (Flyball, 7S)
|
Batting: RHB António López
|
0-0: Foul Ball, location: 2F 0-1: Ball 1-1: Ball 2-1: Foul Ball, location: 2F 2-2: Ball 3-2: Strikes out swinging
|
Batting: SHB Adrián Nieto
|
0-0: Ball 1-0: Ball 2-0: Fly out, F8 (Flyball, 89M)
|
Top of the 9th over - 0 run(s), 0 hit(s), 0 error(s), 0 left on base; San Diego 2 - Balzac 1 |
BOTTOM OF THE 9TH |
Balzac Rams batting - Pitching for San Diego Smashers : RHP Cedric Sherston
|
Pitching: RHP Enrique Sánchez
|
|
Now at 3B: John Nelson
|
|
Batting: RHB Ron Glass
|
0-0: Called Strike 0-1: Foul Ball, location: 2F 0-2: Strikes out swinging
|
Pinch Hitting: LHB William Wolf
|
0-0: Ball 1-0: Ball 2-0: Ball 3-0: Base on Balls
|
Batting: SHB Reynaldo Gallegos
|
0-0: Called Strike 0-1: Swinging Strike 0-2: Foul Ball, location: 2F 0-2: Ball 1-2: Foul Ball, location: 2F 1-2: Strikes out swinging
|
Batting: RHB Paul Spencer
|
0-0: Ball 1-0: Ball 2-0: Swinging Strike 2-1: SINGLE (Line Drive, 89S) William Wolf to second Runner from 2nd tries for 3rd, SAFE, throw made to third
|
Pinch Hitting: RHB Félix Quintero
|
0-0: Ball 1-0: Ball 2-0: Called Strike 2-1: Ball 3-1: Base on Balls Paul Spencer to second
|
Batting: RHB Shaun Puckett
|
0-0: Called Strike 0-1: Ball 1-1: Ball 2-1: Foul Ball, location: 2F 2-2: Fly out, F3 (Line Drive, 34)
|
Bottom of the 9th over - 0 run(s), 1 hit(s), 0 error(s), 3 left on base; San Diego 2 - Balzac 1 |
|